 Dungeon Crawl Stone Soup version 0.30.1-4-g462c640d31 (webtiles) character file.

Game seed: 15134010607634031042

1316 Rodnoix the Geomancer (level 8, -4/41 HPs)
             Began as a Gargoyle Earth Elementalist on Aug 26, 2023.
             Slain by a gnoll sergeant
             ... wielding a +0 trident
              (7 damage)
             ... on level 6 of the Dungeon.
             The game lasted 00:23:10 (4303 turns).

Rodnoix the Geomancer (Gargoyle Earth Elementalist) Turns: 4303, Time: 00:23:11

Health: -4/41      AC: 10    Str: 13    XL:     8   Next: 59%
Magic:  8/11       EV: 11    Int: 17    God:
Gold:   338        SH:  0    Dex: 10    Spells: 1/11 levels left

rFire   . . .        x - +2 hand axe (heavy)
rCold   . . .        (no shield)
rNeg    + . .        k - +0 robe
rPois   ∞            f - +0 helmet
rElec   +            y - +0 cloak {Stlth+}
rCorr   .            e - +0 pair of gloves
SInv    .            (no boots)
Will    .....        c - amulet of magic regeneration
Stlth   +++          (no ring)
HPRegen 0.26/turn    (no ring)
MPRegen 0.52/turn

%: no passive effects
@: no status effects
A: sickness immunity, AC +5, negative energy resistance 1, electricity
resistance, torment resistance 1, petrification resistance
a: no special abilities


You were on level 6 of the Dungeon.
You visited 1 branch of the dungeon, and saw 6 of its levels.
You also visited: Ossuary.

You collected 360 gold pieces.
You spent 22 gold pieces at shops.

Inventory:

Hand Weapons
 h - a +0 dagger
 n - a +0 short sword of draining
 x - a +2 heavy hand axe (weapon)
Armour
 e - a +0 pair of gloves (worn)
 f - a +0 helmet (worn)
 k - a +0 robe (worn)
 o - a +0 cloak
 y - a +0 cloak of stealth (worn)
Magical Staves
 q - a staff of fire
Jewellery
 c - an amulet of magic regeneration (around neck)
 t - the amulet of Erchuo Xino {Reflect rC++ rCorr MP+9 Str-4 SH+5}
   (You found it on level 3 of the Dungeon)

   [amulet of reflection]

   It reflects blocked missile attacks.
   Str:       It affects your strength (-4).
   rC:        It greatly protects you from cold.
   MP:        It affects your magic capacity (+9).
   rCorr:     It protects you from acid and corrosion.
   SH:        It affects your SH (+5).
Wands
 v - a wand of polymorph (9)
 z - a wand of paralysis (10)
Scrolls
 a - a scroll of silence {unknown}
 d - 4 scrolls of identify
 g - a scroll of amnesia {unknown}
 i - a scroll of torment
 m - a scroll of brand weapon {unknown}
 p - a scroll of teleportation {unknown}
 u - a scroll of fear {unknown}
 w - a scroll of butterflies {unknown}
 E - a scroll of poison {unknown}
 G - a scroll of blinking {unknown}
Potions
 j - a potion of degeneration
 l - 2 potions of haste
 r - a potion of might
 s - a potion of flight
 A - 2 potions of ambrosia
 B - a potion of attraction
 C - 2 potions of resistance
 D - 3 potions of mutation
 H - a potion of berserk rage {unknown}
 I - a potion of curing {unknown}


   Skills:
 - Level 1.5 Dodging
 - Level 2.1 Stealth
 + Level 2.4 Spellcasting
 - Level 7.9 Conjurations
 - Level 0.7 Transmutations
 + Level 9.0 Earth Magic


You had one spell level left.
You knew the following spells:

 Your Spells              Type           Power      Damage    Failure   Level
a - Sandblast             Erth           64%        2d14      1%          1
b - Passwall              Tmut/Erth      15%        N/A       3%          2
c - Stone Arrow           Conj/Erth      60%        3d10      1%          3
d - Petrify               Tmut/Erth      18%        N/A       26%         4

Your spell library contained the following spells:

 Spells                   Type           Power      Damage    Failure   Level
 Inner Flame              Hex/Fire       2%         N/A       50%         3
 Yara's Violent Unravell  Hex/Tmut       1%         3d3       99%         5
 Enfeeble                 Hex            1%         N/A       100%        7


Dungeon Overview and Level Annotations

Branches:
Dungeon (6/15)            Ossuary (visited)
 Temple: D:4-7

Altars:
Trog

Shops:
D:4 *


Innate Abilities, Weirdness & Mutations

You are immune to sickness and miasma.
Your stone body is resilient. (AC +5)
You are immune to poison.
You resist negative energy. (rN+)
You are resistant to electric shocks. (rElec)
You are resistant to unholy torment.
You are immune to petrification.


Message History

Aiming: Sandblast (safe; 1% risk of failure)
Press: ? - help, Shift-Dir - straight line, f/p - gnoll sergeant
Aim: a gnoll sergeant, wielding a +0 trident, wearing a +0 scale mail and wearing a +2 kite shield of poison resistance (severely wounded, 90% to hit)
The gnoll sergeant blocks the blast of sand.
The gnoll sergeant barely misses you.
The gnoll hits you from afar with a +0 spear!
The gnoll closely misses you.
The gnoll sergeant hits you from afar with a +0 trident.
Okay, then.
As you read the scroll labelled FAMIKI FEANN, it crumbles to dust.
Your body is wracked with pain!
The gnoll convulses!
The gnoll sergeant convulses!
The gnoll convulses!
It was a scroll of torment.
The gnoll sergeant misses you. The gnoll barely misses you.
Casting: Sandblast (safe; 1% risk of failure)
Confirm with . or Enter, or press ? or * to list all spells.
Aiming: Stone Arrow (safe; 1% risk of failure)
Press: ? - help, Shift-Dir - straight line, f/p - gnoll sergeant
Aim: a gnoll sergeant, wielding a +0 trident, wearing a +0 scale mail and wearing a +2 kite shield of poison resistance (almost dead, 84% to hit)
The gnoll sergeant blocks the stone arrow.
The gnoll sergeant hits you from afar with a +0 trident.
* * * LOW HITPOINT WARNING * * *
The gnoll hits you from afar with a +0 spear.
* * * LOW HITPOINT WARNING * * *
You are too injured to fight recklessly!
Okay, then.
The gnoll hits you from afar with a +0 spear.
* * * LOW HITPOINT WARNING * * *
You are too injured to fight recklessly!
Magic courses through your body.
The gnoll sergeant completely misses you.
The gnoll hits you but does no damage. The gnoll hits you with a +0 flail.
* * * LOW HITPOINT WARNING * * *
Casting: Stone Arrow (safe; 1% risk of failure)
Confirm with . or Enter, or press ? or * to list all spells.
Aiming: Stone Arrow (safe; 1% risk of failure)
Press: ? - help, Shift-Dir - straight line, f/p - gnoll sergeant
Aim: a gnoll sergeant, wielding a +0 trident, wearing a +0 scale mail and wearing a +2 kite shield of poison resistance (almost dead, 84% to hit)
The gnoll sergeant blocks the stone arrow.
The gnoll sergeant hits you from afar with a +0 trident!
You die...

#....... ### ##....... #..
#........ #.# #........ #######
#.# #........ ##....# #.#######
#........
##.##.########.#.....####........
................@....#..)........
#..#.....######.g.g####g####$..#.
#........# #.#.g..##g# .....
.........# #.#....#..# .....
###......# ..###.....# .#$.#
..##.....####.###.......# ...##
#...#......... #.....### ## #
..#...#######. ####.... ..##..#
#....#


You could see a gnoll sergeant and 2 gnolls.

Vanquished Creatures
  A water moccasin (D:5)
  2 black bears
  An ogre (D:5)
  A scorpion (D:6)
  3 water moccasin zombies (Ossuary)
  2 howler monkeys (D:5)
  A hound (D:5)
  A jelly (D:6)
  An orc priest (D:5)
  Crazy Yiuf (D:4)
  A gnoll bouda (D:4)
  2 iguanas (D:5)
  Terence (D:2)
  2 orc wizards (D:4)
  Natasha (twice) (D:2)
  3 mummies
  5 adders
  5 gnolls
  A white imp (D:5)
  5 adder zombies (Ossuary)
  A worm (D:2)
  6 dart slugs
  22 orcs
  6 endoplasms
  8 giant cockroaches
  3 gnoll zombies (Ossuary)
  10 goblins
  6 hobgoblins
  3 jackals (D:2)
  8 kobolds
  4 quokkas
  8 ball pythons
  4 bats
  5 frilled lizards
  2 goblin zombies (D:5)
  4 hobgoblin zombies (Ossuary)
  6 kobold zombies (Ossuary)
  8 orc zombies (Ossuary)
  9 rats
164 creatures vanquished.

Notes
Turn   | Place    | Note
-------+----------+-------------------------------------------
     0 | D:1      | Rodnoix the Gargoyle Earth Elementalist began the quest for
                  | the Orb.
     0 | D:1      | Reached XP level 1. HP: 10/10 MP: 3/3
    86 | D:1      | Reached skill level 4 in Earth Magic
   172 | D:1      | Reached XP level 2. HP: 15/15 MP: 3/5
   488 | D:1      | Reached XP level 3. HP: 19/19 MP: 4/6
   523 | D:1      | Reached skill level 5 in Earth Magic
   925 | D:2      | Noticed Natasha
   929 | D:2      | Killed Natasha
   930 | D:2      | Reached skill level 6 in Earth Magic
   930 | D:2      | Reached XP level 4. HP: 24/24 MP: 5/7
   933 | D:2      | Learned a level 2 spell: Passwall
   937 | D:2      | Learned a level 3 spell: Stone Arrow
  1068 | D:2      | Reached skill level 1 in Conjurations
  1157 | D:2      | Noticed Natasha
  1162 | D:2      | Killed Natasha
  1163 | D:2      | Reached XP level 5. HP: 28/28 MP: 1/8
  1393 | D:2      | Noticed Terence
  1411 | D:2      | Killed Terence
  1704 | D:3      | Identified the amulet of Erchuo Xino {Reflect rC++ rCorr
                  | MP+9 Str-4 SH+5}
  1772 | D:3      | Found Geyt's Jewellery Emporium.
  2334 | D:4      | Reached XP level 6. HP: 24/32 MP: 6/9
  2498 | D:4      | Reached skill level 7 in Earth Magic
  2611 | D:4      | Found Anolit's General Store.
  2624 | D:4      | Bought a scroll of identify for 22 gold pieces
  2654 | D:4      | Found a runed translucent door.
  2655 | D:4      | Noticed Crazy Yiuf
  2700 | D:4      | Killed Crazy Yiuf
  2748 | D:4      | Found a bloodstained altar of Trog.
  3074 | D:5      | Entered Level 5 of the Dungeon
  3092 | D:5      | Noticed a water moccasin
  3098 | D:5      | Killed a water moccasin
  3099 | D:5      | Reached skill level 5 in Conjurations
  3099 | D:5      | Reached XP level 7. HP: 31/36 MP: 8/10
  3155 | D:5      | Found a sand-covered staircase.
  3163 | Ossuary  | Entered an ossuary
  3354 | Ossuary  | Reached skill level 8 in Earth Magic
  3389 | Ossuary  | Reached XP level 8. HP: 11/41 MP: 6/11
  4175 | D:6      | Learned a level 4 spell: Petrify
  4273 | D:6      | Reached skill level 9 in Earth Magic
  4303 | D:6      | Slain by a gnoll sergeant

Illustrated notes

Levels and vault maps discovered:
D:1:      lemuel_arrival_room, layout_basic
D:2:      layout_loops_ring, corexii_hall_statues_deadend, uniq_terence,
          uniq_natasha
D:3:      layout_loops_ring, serial_shops, shop, serial_park_tiny_1
D:4:      layout_loops_cross, mainiacjoe_overflow_paths,
          kennysheep_windowed_goal, uniq_crazy_yiuf_cottage
D:5:      layout_rooms, nicolae_ossuary_entry_giza
D:6:      layout_basic, st_stairs_5, chequers_avenue, hangedman_decor_push,
          grunt_ministairs_4

Skill      XL: |  1  2  3  4  5  6  7  8 |
---------------+-------------------------+-----
Earth Magic    | 4 6 7 8 9 |  9.0
Conjurations   | 1 3 5 6 7 |  7.9
Dodging        | |  1.5
Stealth        | |  2.1
Spellcasting   | |  2.4
Transmutations | |  0.7

Action                     |  1- 3 |  4- 6 |  7- 9 || total
---------------------------+-------+-------+-------++-------
  Melee: Short sword       |       |     1 |       ||     1
         Staff             |       |    12 |       ||    12
         Hand axe          |       |       |    22 ||    22
   Cast: Sandblast         |    54 |   102 |    46 ||   202
         Stone Arrow       |       |     5 |    59 ||    64
    Use: Scroll            |       |     4 |     6 ||    10
         Potion            |       |       |     3 ||     3
   Stab: Sleeping          |       |       |     2 ||     2
 Armour: Robe              |     8 |    25 |    42 ||    75
  Dodge: Dodged            |     7 |    37 |    61 ||   105
